 Dungeon Crawl Stone Soup version 0.29-a0-364-g921d912d32 (webtiles) character file.

Game seed: 8027615853671924866

190 bande the Covered (level 5, -2/33 HPs)
             Began as a Gargoyle Fighter on Apr 30, 2022.
             Slain by an iguana (10 damage)
             ... on level 4 of the Dungeon.
             The game lasted 00:04:52 (3496 turns).

bande the Covered (Gargoyle Fighter)                Turns: 3496, Time: 00:04:52

Health: -2/33      AC: 14    Str: 20    XL:     5   Next: 69%
Magic:  5/5        EV:  4    Int:  8    God:
Gold:   157        SH:  4    Dex: 11    Spells: 4/4 levels left

rFire   . . .      SeeInvis .   a - +0 war axe
rCold   . . .      Faith    .   c - +0 buckler
rNeg    + . .      Spirit   .   s - +0 chain mail
rPois   ∞          Reflect  .   (no helmet)
rElec   +          Harm     .   m - +0 cloak
rCorr   .          Rampage  .   (no gloves)
Will    .....                   (no boots)
Stlth   ..........              (no amulet)
HPRegen 0.11/turn               (no ring)
MPRegen 0.09/turn               (no ring)

@: constricted
A: sickness immunity, AC +4, negative energy resistance 1, electricity
resistance, torment resistance 1, petrification resistance
a: no special abilities


You were on level 4 of the Dungeon.
You visited 1 branch of the dungeon, and saw 4 of its levels.

You collected 157 gold pieces.

Inventory:

Hand Weapons
 a - a +0 war axe (weapon)
 q - a +0 flail
Missiles
 n - 3 boomerangs of dispersal (quivered)
Armour
 c - a +0 buckler (worn)
 m - a +0 cloak (worn)
 s - a +0 chain mail (worn)
Wands
 p - a wand of flame (16)
Scrolls
 e - a scroll of amnesia
 f - 3 scrolls of teleportation
 g - a scroll of magic mapping
 j - a scroll of noise {unknown}
Potions
 b - a potion of haste {unknown}
 d - a potion of might
 h - 2 potions of magic {unknown}
 i - a potion of heal wounds {unknown}
 k - 3 potions of mutation {unknown}
 l - 3 potions of curing {unknown}
 o - a potion of flight {unknown}
 r - a potion of invisibility {unknown}


   Skills:
 + Level 4.2 Fighting
 + Level 3.3 Axes
 + Level 4.4 Armour
 + Level 3.8 Shields
 * Level 1.1 Evocations


You had 4 spell levels left.
You didn't know any spells.
Your spell library contained the following spells:

 Spells                   Type           Power      Damage    Failure   Level
 Ozocubu's Armour         Ice            0%         N/A       100%        3
 Ozocubu's Refrigeration  Ice            0%         4d5       100%        7


Dungeon Overview and Level Annotations

Branches:
Dungeon (4/15)
 Temple: D:4-7

Altars:
The Shining One


Innate Abilities, Weirdness & Mutations

You are immune to sickness and miasma.
Your stone body is resilient. (AC +4)
You are immune to poison.
You resist negative energy. (rN+)
You are resistant to electric shocks. (rElec)
You are resistant to unholy torment.
You are immune to petrification.


Message History

The adder closely misses you.
You barely miss the adder. The adder completely misses you.
The adder barely misses you.
You miss the adder. The adder bites you but does no damage.
A scorpion comes into view.
The adder bites you but does no damage.
You closely miss the adder. The adder bites you but does no damage.
An iguana comes into view.
The adder bites you but does no damage.
You slash the adder!
You kill the adder!
The scorpion stings you but does no damage.
A ball python comes into view.
The ball python hisses angrily.
You hit the scorpion but do no damage.
The scorpion stings you but does no damage.
The scorpion stings you.
You hit the scorpion.
The scorpion is moderately wounded.
The scorpion stings you.
You hit the scorpion.
The scorpion is moderately wounded.
The scorpion closely misses you. The scorpion stings you.
An orc comes into view. It is wielding a +0 short sword.
You block the scorpion's attack. You block the iguana's attack.
A goblin comes into view. It is wielding a +0 club.
The ball python attacks as you move away!
The ball python completely misses you.
There is a stone staircase leading up here.
The scorpion stings you but does no damage.
You block the ball python's attack. The ball python grabs you.
You stop ascending the stairs.
The ball python constricts you.
The scorpion stings you but does no damage.
Unknown command.
You escape the ball python's grasp.
You block the ball python's attack. The ball python grabs you.
You stop ascending the stairs.
The ball python constricts you. The scorpion stings you.
* * * LOW HITPOINT WARNING * * *
The iguana bites you!
You die...

.....'
##....#
#.....#
#...o.#
#.....##
#......##
#..).S..##
#..@s.).#
##..l...#
#####<#..#
#....#
#........
...######
#.#g #.#..
#.#..


You could see a scorpion, an iguana, an orc and a ball python.

Vanquished Creatures
  2 howler monkeys
  4 adders
  3 worms
  A dart slug (D:2)
  3 orcs
  5 bats
  9 endoplasms
  5 giant cockroaches
  4 goblins
  4 hobgoblins
  3 jackals (D:1)
  3 quokkas
  5 ball pythons
  2 frilled lizards
  4 kobolds (D:1)
  4 rats
  2 toadstools (D:1)
63 creatures vanquished.

Vanquished Creatures (others)
  2 toadstools (D:1)
2 creatures vanquished.

Grand Total: 65 creatures vanquished

Notes
Turn   | Place    | Note
-------+----------+-------------------------------------------
     0 | D:1      | bande the Gargoyle Fighter began the quest for the Orb.
     0 | D:1      | Reached XP level 1. HP: 14/14 MP: 1/1
   255 | D:1      | Reached XP level 2. HP: 20/20 MP: 2/2
   718 | D:1      | Reached XP level 3. HP: 20/24 MP: 3/3
  1651 | D:2      | Found a glowing golden altar of the Shining One.
  2181 | D:2      | Reached XP level 4. HP: 26/29 MP: 4/4
  2298 | D:2      | Found a faded altar of an unknown god.
  2776 | D:3      | Reached XP level 5. HP: 22/33 MP: 5/5
  3475 | D:4      | Reached skill level 1 in Evocations
  3496 | D:4      | Slain by an iguana

Illustrated notes

Levels and vault maps discovered:
D:1:      ldierk_water_garden, layout_loops_corners, minmay_small_reverse_x
D:2:      layout_basic, basic_altar, hellmonk_ecumenical_altar_zigzags
D:3:      wander_river, layout_basic
D:4:      kennysheep_big_flooded_room, layout_rooms, guppyfry_early_lair_pool

Skill      XL: |  1  2  3  4  5 |
---------------+----------------+-----
Axes           | 2 3 |  3.3
Armour         | 4 |  4.4
Fighting       | 4 |  4.2
Evocations     | 1 |  1.1
Shields        | |  3.8

Action                   |  1- 3 |  4- 6 || total
-------------------------+-------+-------++-------
Melee: War axe           |   122 |    94 ||   216
  Use: Scroll            |     6 |     1 ||     7
Armor: Scale mail        |    61 |    39 ||   100
       Chain mail        |       |    20 ||    20
Dodge: Dodged            |    56 |    34 ||    90
Block: Buckler           |    37 |    24 ||    61

Table legend: (Time is in decaauts)
 A = Elapsed time spent in this place.
 B = Non-inter-level travel time spent in this place.
 C = Inter-level travel time spent in this place.
 D = Time resting spent in this place.
 E = Time spent auto-exploring this place.
 F = Levels seen in this place.
 G = Mean time per level.
                   A        B        C        D        E       F      G
               +--------+--------+--------+--------+--------+-----+--------+
         Total |   3613 |   3580 |     33 |    244 |   2657 |   4 |  903.2 |
       Dungeon |   3613 |   3580 |     33 |    244 |   2657 |   4 |  903.2 |
               +--------+--------+--------+--------+--------+-----+--------+

Top non-repeatable levels by time:
     D:1: 1387 daAuts
     D:2: 1208 daAuts
     D:3: 976 daAuts
     D:4: 40 daAuts
